 Dungeon Crawl Stone Soup version 0.18.1-51-gd549091e01 (webtiles) character file.

12970 magog001 the Covert (level 11, -9/87 HPs)
             Began as a Vampire Monk on Mar 22, 2020.
             Was an Elder of Nemelex Xobeh.
             Mangled by a slime creature (17 damage)
             ... on level 12 of the Dungeon.
             The game lasted 01:09:40 (13373 turns).

magog001 the Covert (Vampire Monk)                 Turns: 13373, Time: 01:09:40

Health: -9/87      AC: 13    Str: 10    XL:     11   Next: 69%
Magic:  11/11      EV: 21    Int: 13    God:    Nemelex Xobeh [****..]
Gold:   1254       SH:  0    Dex: 28    Spells: 2 memorised, 7 levels left

rFire  + . .     SeeInvis +     q - +5 dagger (drain)
rCold  . . .     Gourm    .     r - +4 ring mail {rF+}
rNeg   . . .     Faith    .     (no shield)
rPois  .         Spirit   .     v - +2 hat
rElec  .         Dismiss  .     P - +0 cloak
rCorr  .         Reflect  .     c - +0 pair of gloves
SustAt .         Harm     .     (no boots)
MR     +....                    (no amulet)
Stlth  ++++++....               N - +2 ring of dexterity
                                g - +6 ring of dexterity

@: exhausted, regenerating quickly, slowed, very slow, somewhat resistant to
hostile enchantments, very stealthy
A: fangs 3, see invisible, unbreathing
a: Triple Draw, Deal Four, Renounce Religion


You were on level 12 of the Dungeon.
You worshipped Nemelex Xobeh.
Nemelex Xobeh was greatly pleased with you.
You were full.

You visited 2 branches of the dungeon, and saw 13 of its levels.
You also visited: Sewer and Ossuary.

You collected 1254 gold pieces.

Inventory:

Hand Weapons
 q - a +5 dagger of draining (weapon)
 O - a +2 battleaxe of venom
Missiles
 B - 3 tomahawks of returning (quivered)
 C - 5 tomahawks
Armour
 c - a +0 pair of gloves (worn)
 r - a +4 ring mail of fire resistance (worn)
 v - a +2 hat (worn)
 P - a +0 cloak (worn)
Jewellery
 g - a +6 ring of dexterity (left hand)
 m - an uncursed ring of sustain attributes
 G - a +2 ring of intelligence
 N - a +2 ring of dexterity (right hand)
Wands
 a - a wand of disintegration (10/24)
 I - a wand of slowing (27/48)
 J - a wand of iceblast (1/15)
 L - a wand of digging (7/24)
 T - a wand of acid (4/15)
Scrolls
 d - a scroll of magic mapping
 i - 2 scrolls of blinking
 j - 2 scrolls of fog
 n - 2 scrolls of identify
 s - 2 scrolls of recharging
 w - a scroll of holy word {unknown}
 y - 3 scrolls of remove curse
 z - 2 scrolls of random uselessness {unknown}
 A - 4 scrolls of teleportation {unknown}
 M - a scroll of torment {unknown}
Potions
 b - 20 potions of blood
 e - 5 potions of agility
 f - a potion of haste
 k - 5 potions of curing
 l - 2 potions of brilliance
 o - 3 potions of flight
 p - a potion of lignification
 x - 2 potions of cure mutation
 R - a potion of magic {unknown}
Books
 h - a book of Air

   Spells                             Type                      Level
   a - Shock                          Conjuration/Air              1
   b - Swiftness                      Charms/Air                   2
   c - Repel Missiles                 Charms/Air                   2
   d - Static Discharge               Conjuration/Air              3
   e - Lightning Bolt                 Conjuration/Air              5
 D - a book of Alchemy

   Spells                             Type                      Level
   a - Sublimation of Blood           Necromancy                   2
   b - Ignite Poison                  Fire/Transmutation/Poison    3
   c - Petrify                        Transmutation/Earth          4
   d - Alistair's Intoxication        Transmutation/Poison         5
   e - Irradiate                      Conjuration/Transmutation    5
Miscellaneous
 E - a plain deck of escape
 F - a plain deck of war
 H - a plain deck of destruction
 K - a plain deck of destruction
 Q - an ornate deck of escape {drawn: 1}
 S - a legendary deck of destruction
 U - a plain deck of war


   Skills:
 * Level 8.6 Fighting
 * Level 11.5 Short Blades
 + Level 0.1 Throwing
 - Level 0.7 Armour
 + Level 11.3 Dodging
 + Level 11.6 Stealth
 - Level 5.4 Unarmed Combat
 + Level 0.1 Spellcasting
 + Level 0.2 Air Magic
 + Level 0.5 Evocations


You had 7 spell levels left.
You knew the following spells:

 Your Spells              Type           Power        Failure   Level  Hunger
a - Shock                 Conj/Air       #...         80%         1    ##.....
b - Sublimation of Blood  Necr           #.........   94%         2    ###....


Dungeon Overview and Level Annotations

Branches:
Dungeon (12/15)            Temple (1/1) D:7            Lair (0/8) D:9
    Orc (0/2) D:12

Altars:
Ashenzari
Cheibriados
Dithmenos
Elyvilon
Fedhas
Gozag
Kikubaaqudgha
Makhleb
Nemelex Xobeh
Okawaru
Pakellas
Qazlal
Ru
Sif Muna
Trog
Vehumet
Xom
Yredelemnul
Zin
The Shining One

Shops:
D:4 *   D:7 (


Innate Abilities, Weirdness & Mutations

Your natural rate of healing is unusually fast.
You have razor-sharp teeth.
You have supernaturally acute eyesight.
You can survive without breathing.


Message History

The large slime creature is engulfed in calcifying dust.
Two slime creatures merge to form a titanic slime creature.
You are engulfed in calcifying dust. x2
You feel less woody.
Your +0 cloak unmelds from your body.
Your +2 hat unmelds from your body.
Your +0 pair of gloves unmelds from your body.
Your +4 ring mail of fire resistance unmelds from your body.
You feel resistant to fire.
You are no longer berserk.
You feel yourself slow down.
The titanic slime creature is no longer petrified.
You turn to flesh and can move again.
You hit the slime creature.
The slime creature is lightly wounded.
The slime creature completely misses you.
You hit the slime creature.
The slime creature is lightly wounded.
The slime creature hits you!
You die...
Your body glows slightly and disappears.

)###.#.#≈≈≈≈≈..# #.#.#
)##..#.#≈≈≈≈≈### #.#..
)##..#.#≈≈≈≈≈# #.###
)##..#.#.≈≈≈≈# #....
..#..#.#.#≈≈≈### #####
8.#..#.#...≈....
..#..#.#..######
####.#.#...##################
#.#.#..........@JJOO........
#.#.###############Y..#######
##.#.# ...................
.#.#.# ......Y............
.#.#.# .###.....#.#.....##
.#.#.# #.....#####....W#
.#.#.# #.....#. #..... .#.#.#
......# # #.... .'.#.# .....#
#.(.


You could see a catoblepas, a titanic slime creature, a slime creature and 2
ogres.

Vanquished Creatures
  Erolcha (D:9)
  A hydra (D:12)
  Nergalle (D:11)
  2 hill giants
  A manticore (D:11)
  2 cyclopes
  2 gargoyles
  A troll (D:11)
  A two-headed ogre (D:10)
  10 yaks
  2 hippogriffs
  A hungry ghost (D:7)
  A mottled dragon (D:11)
  A water moccasin (D:9)
  Purgy (D:3)
  3 ice beasts
  3 orc warriors
  2 black bears
  2 sky beasts (D:9)
  4 necrophages
  2 phantoms
  2 centaurs
  4 ogres
  3 big kobolds
  7 giant frogs
  2 elf zombies (Ossuary)
  5 scorpions
  A wyvern skeleton (D:12)
  7 killer bees
  11 wights
  A crimson imp (D:7)
  2 centaur zombies
  A giant frog zombie (D:12)
  4 hounds
  A quasit (D:7)
  3 human zombies (Ossuary)
  4 orc priests
  3 jellies
  A centaur skeleton (D:6)
  Jessica (D:3)
  4 giant frog skeletons
  5 iguanas
  18 orc wizards
  4 worker ants
  3 sheep (D:11)
  2 big kobold zombies (Ossuary)
  A hound skeleton (D:4)
  A hound zombie (D:6)
  2 mummies (Ossuary)
  A howler monkey skeleton (D:5)
  3 worker ant zombies
  6 gnolls
  4 river rats
  6 adders
  4 shadow imps
  3 adder zombies
  6 oozes
  2 adder skeletons
  4 worms
  3 dart slugs
  4 giant geckos
  67 orcs
  8 bats
  5 giant cockroaches
  3 goblins (D:2)
  3 hobgoblins
  16 jackals
  6 quokkas
  A giant cockroach zombie (D:6)
  2 giant gecko skeletons
  A giant gecko zombie (D:7)
  5 giant newts
  A goblin zombie (Ossuary)
  5 hobgoblin zombies (Ossuary)
  22 kobolds
  12 kobold zombies (Ossuary)
  8 orc zombies (Ossuary)
  A quokka skeleton (D:5)
  19 rats
  A rat zombie (Ossuary)
379 creatures vanquished.

Vanquished Creatures (others)
  A bush (D:6)
  4 fungi (D:9)
  8 plants
13 creatures vanquished.

Grand Total: 392 creatures vanquished

Notes
Turn   | Place    | Note
--------------------------------------------------------------
     0 | D:1      | magog001 the Vampire Monk began the quest for the Orb.
     0 | D:1      | Reached XP level 1. HP: 17/17 MP: 1/1
     1 | D:1      | Found a runed door.
    93 | D:1      | Reached XP level 2. HP: 23/23 MP: 2/2
   408 | D:1      | Reached XP level 3. HP: 17/28 MP: 3/3
   428 | D:1      | Reached skill level 5 in Unarmed Combat
  1574 | D:2      | Reached XP level 4. HP: 34/35 MP: 4/4
  2171 | D:3      | Noticed Purgy
  2211 | D:3      | Noticed an ogre
  2219 | D:3      | HP: 1/35 [ogre/giant club (21)]
  3155 | D:3      | Reached XP level 5. HP: 38/41 MP: 5/5
  3318 | D:3      | Killed Purgy
  3318 | D:3      | Reached skill level 1 in Short Blades
  3318 | D:3      | Reached skill level 5 in Dodging
  3349 | D:3      | Noticed Jessica
  3361 | D:3      | Reached XP level 6. HP: 47/47 MP: 6/6
  3390 | D:3      | Killed Jessica
  3577 | D:4      | Found a glowing drain.
  3582 | Sewer    | Entered a sewer
  3682 | Sewer    | Reached XP level 7. HP: 24/54 MP: 7/7
  3905 | Sewer    | Found a white marble altar of Elyvilon.
  4000 | D:4      | Gained mutation: You are robust (+10% HP). [potion of mutation]
  4000 | D:4      | Gained mutation: Your system is resistant to poisons. [potion of mutation]
  4000 | D:4      | Gained mutation: You have a pair of small horns on your head. [potion of mutation]
  4001 | D:4      | Gained mutation: You have large cloven feet. [potion of mutation]
  4001 | D:4      | Gained mutation: Your body sometimes deteriorates upon taking damage. [potion of mutation]
  4001 | D:4      | Gained mutation: Armour fits poorly on your strangely shaped body. [potion of mutation]
  4049 | D:4      | Found Gozag's Platinum Reserve.
  4060 | D:4      | Found an opulent altar of Gozag.
  4341 | D:5      | Entered Level 5 of the Dungeon
  4569 | D:5      | Found a sacrificial altar of Ru.
  4622 | D:5      | Reached skill level 5 in Stealth
  4780 | D:5      | Found a shadowy altar of Dithmenos.
  4979 | D:6      | Found a sand-covered staircase.
  4985 | Ossuary  | Entered an ossuary
  5143 | Ossuary  | Reached XP level 8. HP: 53/67 MP: 8/8
  5492 | Ossuary  | Reached skill level 5 in Fighting
  5580 | Ossuary  | Lost mutation: Armour fits poorly on your strangely shaped body. [potion of cure mutation]
  5580 | Ossuary  | Lost mutation: You are robust (+10% HP). [potion of cure mutation]
  5580 | Ossuary  | Lost mutation: You have large cloven feet. [potion of cure mutation]
  5580 | Ossuary  | Lost mutation: Your body sometimes deteriorates upon taking damage. [potion of cure mutation]
  5580 | Ossuary  | Lost mutation: Your system is resistant to poisons. [potion of cure mutation]
  5580 | Ossuary  | Lost mutation: You have a pair of small horns on your head. [potion of cure mutation]
  5647 | D:6      | Learned a level 1 spell: Shock
  5679 | D:6      | Reached skill level 5 in Short Blades
  5964 | D:6      | Found a blossoming altar of Fedhas.
  6412 | D:6      | Reached XP level 9. HP: 68/68 MP: 9/9
  6899 | D:7      | Found a staircase to the Ecumenical Temple.
  7051 | Temple   | Entered the Ecumenical Temple
  7116 | Temple   | Became a worshipper of Nemelex Xobeh the Trickster
  7116 | Temple   | Received a gift from Nemelex Xobeh
  7116 | Temple   | Reached * piety under Nemelex Xobeh
  7116 | Temple   | Received a gift from Nemelex Xobeh
  7116 | Temple   | Reached ** piety under Nemelex Xobeh
  7265 | D:7      | Found Heigg's Antique Weapon Emporium.
  7988 | D:8      | Received a gift from Nemelex Xobeh
  7997 | D:8      | Found a glowing golden altar of the Shining One.
  7997 | D:8      | Found a bloodstained altar of Trog.
  7998 | D:8      | Found a radiant altar of Vehumet.
  8013 | D:8      | Found a snail-covered altar of Cheibriados.
  8508 | D:8      | Found a white marble altar of Elyvilon.
  8751 | D:9      | Learned a level 2 spell: Sublimation of Blood
  8801 | D:9      | Reached XP level 10. HP: 77/77 MP: 8/10
  8881 | D:9      | Noticed Erolcha
  8882 | D:9      | Found a staircase to the Lair.
  8908 | D:9      | Killed Erolcha
  9309 | D:9      | Reached skill level 10 in Dodging
  9326 | D:9      | Reached skill level 10 in Stealth
  9516 | D:9      | Reached *** piety under Nemelex Xobeh
  9853 | D:10     | Entered Level 10 of the Dungeon
  9922 | D:10     | Received a gift from Nemelex Xobeh
  9938 | D:10     | Noticed a cyclops
  9957 | D:10     | Killed a cyclops
 10323 | D:10     | Noticed a hill giant
 10355 | D:10     | Killed a hill giant
 10355 | D:10     | Reached skill level 10 in Short Blades
 10631 | D:10     | Reached XP level 11. HP: 84/84 MP: 11/11
 10997 | D:11     | Found a burning altar of Makhleb.
 11001 | D:11     | Noticed a hill giant
 11008 | D:11     | Killed a hill giant
 11012 | D:11     | Noticed Nergalle
 11019 | D:11     | Killed Nergalle
 12077 | D:11     | Received a gift from Nemelex Xobeh
 12083 | D:11     | Identified 2 scrolls of acquirement
 12286 | D:12     | Noticed an eight-headed hydra
 12299 | D:12     | Killed an eight-headed hydra
 12441 | D:12     | Received a gift from Nemelex Xobeh
 12556 | D:12     | Found a staircase to the Orcish Mines.
 12650 | D:12     | Reached **** piety under Nemelex Xobeh
 13095 | D:12     | Received a gift from Nemelex Xobeh
 13287 | D:12     | Noticed a catoblepas
 13350 | D:12     | HP: 3/130 [large slime creature (9)]
 13373 | D:12     | Mangled by a slime creature

Skill      XL: |  1  2  3  4  5  6  7  8  9 10 11 |
---------------+----------------------------------+-----
Fighting       | 3 4 5 6 7 8 |  8.6
Unarmed Combat | 5 |  5.4
Dodging        | 4 5 7 8 9 10 11 | 11.3
Stealth        | 4 5 6 9 10 11 | 11.6
Short Blades   | 1 2 4 6 8 10 11 | 11.5
Throwing       | |  0.1
Armour         | |  0.7
Spellcasting   | |  0.1
Air Magic      | |  0.2
Evocations     | |  0.5

Action                   |  1- 3 |  4- 6 |  7- 9 | 10-12 || total
-------------------------+-------+-------+-------+-------++-------
Melee: Unarmed           |   114 |   100 |       |       ||   214
       Bite              |     4 |    23 |   112 |   128 ||   267
       Punch             |       |     5 |    23 |    25 ||    53
       Dagger            |       |   142 |   677 |   712 ||  1531
       Kick              |       |       |   105 |       ||   105
       Headbutt          |       |       |    61 |       ||    61
Throw: Tomahawk          |       |       |       |     2 ||     2
 Cast: Shock             |       |       |     1 |       ||     1
Evoke: Wand              |       |       |     2 |     4 ||     6
       Deck              |       |       |       |     1 ||     1
  Use: Potion            |     3 |    11 |    24 |    26 ||    64
       Scroll            |       |     8 |     9 |     6 ||    23
 Stab: Sleeping          |     3 |     2 |    24 |    14 ||    43
       Distracted        |     1 |       |     1 |     4 ||     6
Armor: Robe              |    21 |     6 |       |       ||    27
       Ring mail         |       |   129 |   116 |   106 ||   351
       Skin              |       |       |       |     7 ||     7
Dodge: Dodged            |    83 |   270 |   355 |   339 ||  1047
